| TOP OF THE 1ST |
|
Birmingham Barons batting - Pitching for Savannah Indians : RHP Jose Guzman
|
|
Pitching: RHP Jose Guzman
|
|
|
Batting: RHB Bob Bathe
|
0-0: Swinging Strike 0-1: Ball 1-1: Swinging Strike 1-2: Foul Ball, location: 2F 1-2: Ball 2-2: Foul Ball, location: 2F 2-2: Foul Ball, location: 2F 2-2: Strikes out swinging
|
|
Batting: RHB Tim Hulett
|
0-0: Ball 1-0: Ball 2-0: Ball 3-0: Base on Balls
|
|
Batting: RHB Bill R Moore
|
0-0: Ball 1-0: Called Strike 1-1: Ball 2-1: Grounds into double play, 5-4-3 (Groundball, 56S, EV 85.6 MPH)
|
| Top of the 1st over - 0 runs, 0 hits, 0 errors, 0 left on base; Birmingham 0 - Savannah 0 |
| BOTTOM OF THE 1ST |
|
Savannah Indians batting - Pitching for Birmingham Barons : RHP Walter Vanderbush
|
|
Pitching: RHP Walter Vanderbush
|
|
|
Batting: RHB Angel Salazar
|
0-0: Ground out 6-3 (Groundball, 6, EV 86.3 MPH)
|
|
Batting: LHB Kelvin Torve
|
0-0: Foul Ball, location: 2F 0-1: Ball 1-1: Called Strike 1-2: Foul Ball, location: 2F 1-2: Ball 2-2: Foul Ball, location: 2F 2-2: Ball 3-2: Foul Ball, location: 2F 3-2: Foul Ball, location: 2F 3-2: Strikes out swinging
|
|
Batting: RHB Jim Paciorek
|
0-0: Called Strike 0-1: Ground out 6-3 (Groundball, 6, EV 101.9 MPH)
|
| Bottom of the 1st over - 0 runs, 0 hits, 0 errors, 0 left on base; Birmingham 0 - Savannah 0 |
| TOP OF THE 2ND |
|
Birmingham Barons batting - Pitching for Savannah Indians : RHP Jose Guzman
|
|
Batting: LHB Vernon Ramie
|
0-0: Swinging Strike 0-1: Swinging Strike 0-2: Strikes out swinging
|
|
Batting: LHB Joe Szekely
|
0-0: Ball 1-0: Foul Ball, location: 2F 1-1: Ball 2-1: Ball 3-1: Foul Ball, location: 2F 3-2: Foul Ball, location: 2F 3-2: Strikes out looking
|
|
Batting: RHB Kenneth Patterson
|
0-0: Ball 1-0: Ball 2-0: Called Strike 2-1: Foul Ball, location: 2F 2-2: Ground out 6-3 (Groundball, 6, EV 78.8 MPH)
|
| Top of the 2nd over - 0 runs, 0 hits, 0 errors, 0 left on base; Birmingham 0 - Savannah 0 |
| BOTTOM OF THE 2ND |
|
Savannah Indians batting - Pitching for Birmingham Barons : RHP Walter Vanderbush
|
|
Batting: RHB Wade Rowdon
|
0-0: Called Strike 0-1: Ball 1-1: Ball 2-1: Ball 3-1: Called Strike 3-2: Fly out, F8 (Line Drive, 8LD, EV 98.1 MPH)
|
|
Batting: RHB Ramiro Gutierrez
|
0-0: Ball 1-0: Called Strike 1-1: Fly out, F8 (Line Drive, 8LM, EV 96.9 MPH)
|
|
Batting: LHB Roberto Hernandez
|
0-0: Ball 1-0: SINGLE (Flyball, 78S, EV 90.0 MPH)
|
|
Batting: RHB Eddie Vargas
|
0-0: Called Strike 0-1: Ball 1-1: Ball 2-1: Called Strike 2-2: Foul Ball, location: 2F 2-2: Foul Ball, location: 2F 2-2: Strikes out swinging
|
| Bottom of the 2nd over - 0 runs, 1 hit, 0 errors, 1 left on base; Birmingham 0 - Savannah 0 |
| TOP OF THE 3RD |
|
Birmingham Barons batting - Pitching for Savannah Indians : RHP Jose Guzman
|
|
Batting: RHB Jim Wilson
|
0-0: Ball 1-0: Swinging Strike 1-1: Called Strike 1-2: Strikes out swinging
|
|
Batting: SHB Giampietro Pasquetto
|
0-0: Ball 1-0: Ball 2-0: Called Strike 2-1: Ball 3-1: Single, Error in OF, E9, batter to second base (Groundball, 34D, EV 104.4 MPH)
|
|
Batting: RHB Rod Johnson
|
0-0: Ball 1-0: Ground out 6-3 (Groundball, 6S, EV 84.4 MPH)
|
|
Batting: RHB Bob Bathe
|
0-0: Ground out 6-3 (Groundball, 6S, EV 93.1 MPH)
|
| Top of the 3rd over - 0 runs, 1 hit, 1 error, 1 left on base; Birmingham 0 - Savannah 0 |
| BOTTOM OF THE 3RD |
|
Savannah Indians batting - Pitching for Birmingham Barons : RHP Walter Vanderbush
|
|
Batting: RHB Jeff Hearron
|
0-0: Fly out, F8 (Flyball, 89S, EV 83.8 MPH)
|
|
Batting: RHB Mario Diaz
|
0-0: Called Strike 0-1: Ball 1-1: Foul Ball, location: 2F 1-2: Ball 2-2: Ball 3-2: Foul Ball, location: 2F 3-2: Foul Ball, location: 2F 3-2: SINGLE (Flyball, 7S, EV 95.0 MPH)
|
|
Batting: RHB Angel Salazar
|
0-0: Ball 1-0: Called Strike 1-1: Fielders Choice at 2nd, 5-4 (Groundball, 56, EV 80.6 MPH)
|
|
Batting: LHB Kelvin Torve
|
0-0: Ball Angel Salazar steals 2nd, throwing error, E2 Angel Salazar to third 1-0: Fly out, F4 (Popup, 4, EV 58.1 MPH)
|
| Bottom of the 3rd over - 0 runs, 1 hit, 1 error, 1 left on base; Birmingham 0 - Savannah 0 |
| TOP OF THE 4TH |
|
Birmingham Barons batting - Pitching for Savannah Indians : RHP Jose Guzman
|
|
Batting: RHB Tim Hulett
|
0-0: Swinging Strike 0-1: Fly out, F4 (Popup, 4S, EV 78.1 MPH)
|
|
Batting: RHB Bill R Moore
|
0-0: Ball 1-0: Called Strike 1-1: Foul Ball, location: 2F 1-2: Strikes out swinging
|
|
Batting: LHB Vernon Ramie
|
0-0: Called Strike 0-1: Foul Ball, location: 2F 0-2: Foul Ball, location: 2F 0-2: Ball 1-2: Ground out 6-3 (Groundball, 6, EV 79.4 MPH)
|
| Top of the 4th over - 0 runs, 0 hits, 0 errors, 0 left on base; Birmingham 0 - Savannah 0 |
| BOTTOM OF THE 4TH |
|
Savannah Indians batting - Pitching for Birmingham Barons : RHP Walter Vanderbush
|
|
Batting: RHB Jim Paciorek
|
0-0: Ball 1-0: Ball 2-0: Ground out 5-3 (Groundball, 56, EV 103.8 MPH)
|
|
Batting: RHB Wade Rowdon
|
0-0: Ball 1-0: Ball 2-0: Ball 3-0: Foul Ball, location: 2F 3-1: Called Strike 3-2: Foul Ball, location: 2F 3-2: Strikes out swinging
|
|
Batting: RHB Ramiro Gutierrez
|
0-0: Ball 1-0: Foul Ball, location: 2F 1-1: Ball 2-1: Ground out 4-3 (Groundball, 4S, EV 68.8 MPH)
|
| Bottom of the 4th over - 0 runs, 0 hits, 0 errors, 0 left on base; Birmingham 0 - Savannah 0 |
| TOP OF THE 5TH |
|
Birmingham Barons batting - Pitching for Savannah Indians : RHP Jose Guzman
|
|
Batting: LHB Joe Szekely
|
0-0: Swinging Strike 0-1: Foul Ball, location: 2F 0-2: Ball 1-2: Strikes out swinging
|
|
Batting: RHB Kenneth Patterson
|
0-0: Called Strike 0-1: Swinging Strike 0-2: Strikes out swinging
|
|
Batting: RHB Jim Wilson
|
0-0: Ball 1-0: Called Strike 1-1: Ground out 6-3 (Groundball, 6M, EV 84.4 MPH)
|
| Top of the 5th over - 0 runs, 0 hits, 0 errors, 0 left on base; Birmingham 0 - Savannah 0 |
| BOTTOM OF THE 5TH |
|
Savannah Indians batting - Pitching for Birmingham Barons : RHP Walter Vanderbush
|
|
Batting: LHB Roberto Hernandez
|
0-0: Called Strike 0-1: Foul Ball, location: 2F 0-2: Ball 1-2: Fly out, F9 (Flyball, 9LM, EV 98.1 MPH)
|
|
Batting: RHB Eddie Vargas
|
0-0: Ground out 4-3 (Groundball, 4, EV 85.0 MPH)
|
|
Batting: RHB Jeff Hearron
|
0-0: SINGLE (Flyball, 4MD, EV 87.5 MPH)
|
|
Batting: RHB Mario Diaz
|
0-0: Ball 1-0: Called Strike 1-1: Ball 2-1: Ball Wild Pitch! Jeff Hearron to second 3-1: Base on Balls
|
|
Batting: RHB Angel Salazar
|
0-0: DOUBLE (Line Drive, 9LM, EV 101.9 MPH) Jeff Hearron scores Mario Diaz to third Runner from 3rd tries for Home, SAFE, throw by RF to home
|
|
Batting: LHB Kelvin Torve
|
0-0: Ball 1-0: Ball 2-0: Fly out, F9 (Flyball, 89S, EV 95.0 MPH)
|
| Bottom of the 5th over - 2 runs, 2 hits, 0 errors, 1 left on base; Birmingham 0 - Savannah 2 |
| TOP OF THE 6TH |
|
Birmingham Barons batting - Pitching for Savannah Indians : RHP Jose Guzman
|
|
Batting: SHB Giampietro Pasquetto
|
0-0: Foul Ball, location: 2F 0-1: Ball 1-1: Ball 2-1: Ground out U3 (Groundball, 3, EV 84.4 MPH)
|
|
Batting: RHB Rod Johnson
|
0-0: Called Strike 0-1: Ball 1-1: Ball 2-1: Ball 3-1: Base on Balls
|
|
Batting: RHB Bob Bathe
|
0-0: Ball 1-0: Foul Ball, location: 2F 1-1: Fly out, F7 (Flyball, 7S, EV 76.3 MPH)
|
|
Batting: RHB Tim Hulett
|
0-0: Ball 1-0: Swinging Strike 1-1: Ball 2-1: Swinging Strike 2-2: Foul Ball, location: 2F 2-2: Foul Ball, location: 2F 2-2: Strikes out swinging
|
| Top of the 6th over - 0 runs, 0 hits, 0 errors, 1 left on base; Birmingham 0 - Savannah 2 |
| BOTTOM OF THE 6TH |
|
Savannah Indians batting - Pitching for Birmingham Barons : RHP Walter Vanderbush
|
|
Batting: RHB Jim Paciorek
|
0-0: Ball 1-0: Foul Ball, location: 2F 1-1: Ground out 4-3 (Groundball, 4, EV 95.0 MPH)
|
|
Batting: RHB Wade Rowdon
|
0-0: Foul Ball, location: 2F 0-1: Called Strike 0-2: Ground out 2-3 (Groundball, 15S, EV 69.4 MPH)
|
|
Batting: RHB Ramiro Gutierrez
|
0-0: Called Strike 0-1: Ball 1-1: Fly out, F4 (Popup, 4S, EV 83.8 MPH)
|
| Bottom of the 6th over - 0 runs, 0 hits, 0 errors, 0 left on base; Birmingham 0 - Savannah 2 |
| TOP OF THE 7TH |
|
Birmingham Barons batting - Pitching for Savannah Indians : RHP Jose Guzman
|
|
Batting: RHB Bill R Moore
|
0-0: Ball 1-0: Foul Ball, location: 2F 1-1: Ball 2-1: Foul Ball, location: 2F 2-2: Fly out, F9 (Line Drive, 9D, EV 109.4 MPH)
|
|
Batting: LHB Vernon Ramie
|
0-0: Ball 1-0: Called Strike 1-1: Called Strike 1-2: Fly out, F8 (Flyball, 8RM, EV 81.3 MPH)
|
|
Batting: LHB Joe Szekely
|
0-0: Ball 1-0: Fly out, F7 (Flyball, 78S, EV 90.6 MPH)
|
| Top of the 7th over - 0 runs, 0 hits, 0 errors, 0 left on base; Birmingham 0 - Savannah 2 |
| BOTTOM OF THE 7TH |
|
Savannah Indians batting - Pitching for Birmingham Barons : RHP Walter Vanderbush
|
|
Batting: LHB Roberto Hernandez
|
0-0: Ball 1-0: Called Strike 1-1: Fly out, F8 (Line Drive, 8RD, EV 95.0 MPH)
|
|
Batting: RHB Eddie Vargas
|
0-0: Swinging Strike 0-1: Ground out 6-3 (Groundball, 6, EV 78.1 MPH)
|
|
Batting: RHB Jeff Hearron
|
0-0: Called Strike 0-1: Ball 1-1: Foul Ball, location: 2F 1-2: Strikes out swinging
|
| Bottom of the 7th over - 0 runs, 0 hits, 0 errors, 0 left on base; Birmingham 0 - Savannah 2 |
| TOP OF THE 8TH |
|
Birmingham Barons batting - Pitching for Savannah Indians : RHP Jose Guzman
|
|
Batting: RHB Kenneth Patterson
|
0-0: Foul Ball, location: 2F 0-1: Swinging Strike 0-2: Ball 1-2: Ball 2-2: Ball 3-2: Ground out 6-3 (Groundball, 6S, EV 64.4 MPH)
|
|
Batting: RHB Jim Wilson
|
0-0: Ball 1-0: Ground out 6-3 (Groundball, 6, EV 89.4 MPH)
|
|
Batting: SHB Giampietro Pasquetto
|
0-0: Ball 1-0: Fly out, F7 (Flyball, 7, EV 79.4 MPH)
|
| Top of the 8th over - 0 runs, 0 hits, 0 errors, 0 left on base; Birmingham 0 - Savannah 2 |
| BOTTOM OF THE 8TH |
|
Savannah Indians batting - Pitching for Birmingham Barons : RHP Walter Vanderbush
|
|
Batting: RHB Mario Diaz
|
0-0: Ball 1-0: Ball 2-0: Fly out, F6 (Popup, 6S, EV 78.8 MPH)
|
|
Batting: RHB Angel Salazar
|
0-0: Ball 1-0: SINGLE (Line Drive, 9S, EV 87.5 MPH)
|
|
Batting: LHB Kelvin Torve
|
0-0: Called Strike 0-1: Ball Angel Salazar steals 2nd base 1-1: Ball 2-1: Ball 3-1: Base on Balls
|
|
Batting: RHB Jim Paciorek
|
0-0: Ball 1-0: Ball 2-0: Grounds into double play, 5-4-3 (Groundball, 56S, EV 86.9 MPH)
|
| Bottom of the 8th over - 0 runs, 1 hit, 0 errors, 1 left on base; Birmingham 0 - Savannah 2 |
| TOP OF THE 9TH |
|
Birmingham Barons batting - Pitching for Savannah Indians : RHP Jose Guzman
|
|
Batting: RHB Rod Johnson
|
0-0: Called Strike 0-1: Swinging Strike 0-2: Foul Ball, location: 2F 0-2: Ball 1-2: Ball 2-2: Strikes out swinging
|
|
Batting: RHB Bob Bathe
|
0-0: Ball 1-0: Ball 2-0: Called Strike 2-1: Foul Ball, location: 2F 2-2: Ball 3-2: Foul Ball, location: 2F 3-2: Fly out, F7 (Flyball, 7LM, EV 89.4 MPH)
|
|
Batting: RHB Tim Hulett
|
0-0: Ball 1-0: Called Strike 1-1: Ball 2-1: Fly out, F8 (Flyball, 8RD, EV 93.1 MPH)
|
| Top of the 9th over - 0 runs, 0 hits, 0 errors, 0 left on base; Birmingham 0 - Savannah 2 |
|